 Dungeon Crawl Stone Soup version 0.28-a0-1339-ga5422284a4 (webtiles) character file.

Game seed: 5718732520208560000

33943 ryw the Convoker (level 13, -8/61 HPs)
             Began as a Felid Summoner on Dec 25, 2021.
             Was an Initiate of Gozag.
             Mangled by a tentacle (23 damage)
             ... attached to a kraken
             ... on level 2 of the Shoals on Dec 29, 2021.
             The game lasted 03:31:17 (46339 turns).

ryw the Convoker (Felid Summoner)                  Turns: 46339, Time: 03:31:18

Health: -8/61      AC:  3    Str:  4    XL:     13   Next: 39%
Magic:  28/28      EV: 25    Int: 25    God:    Gozag
Gold:   1413       SH:  5    Dex: 16    Spells: 0/33 levels left
                                        Lives:  0   Deaths: 4

rFire   + + .      SeeInvis +     - Unarmed
rCold   + + .      Faith    .   (shield unavailable)
rNeg    . . .      Spirit   .   (armour unavailable)
rPois   .          Reflect  +   (helmet unavailable)
rElec   .          Harm     .   (cloak unavailable)
rCorr   .          Rampage  .   (gloves unavailable)
Will    +....                   (boots unavailable)
Stlth   ++........              M - amulet of reflection
HPRegen 0.20/turn               w - ring of wizardry
MPRegen 0.21/turn               a - ring "Xozoxan" {rF++ rC+}

@: studying Unarmed Combat, quick
A: very small, claws 1, fangs 3, see invisible, speed 1, shaggy fur 3, stealthy
paws, no weapons or thrown items, no armour, multi-lived
a: Renounce Religion, Potion Petition, Call Merchant, Bribe Branch


You were on level 2 of the Shoals.
You worshipped Gozag.
Gozag was most pleased with you.
You visited 5 branches of the dungeon, and saw 25 of its levels.

You collected 8309 gold pieces.
You spent 4946 gold pieces at shops.
You paid 1950 gold pieces to Gozag.

Inventory:

Jewellery
 a - the ring "Xozoxan" (right paw) {rF++ rC+}
   (You acquired it on level 5 of the Dungeon)

   [ring of protection from cold]

   rF:        It greatly protects you from fire.
   rC:        It protects you from cold.
 m - a +4 ring of evasion
 s - a ring of resist corrosion
 w - a ring of wizardry (left paw)
 H - a ring of protection from cold
 M - an amulet of reflection (around neck)
 O - the amulet of Yzuip {RegenMP rN+}
   (You acquired it on level 14 of the Dungeon)

   [amulet of magic regeneration]

   It increases your rate of magic regeneration.
   rN:        It protects you from negative energy.
Wands
 g - a wand of charming (8)
 j - a wand of polymorph (8)
 x - a wand of iceblast (25)
 C - a wand of acid (14)
 F - a wand of flame (47)
 I - a wand of paralysis (2)
Scrolls
 b - 3 scrolls of fear
 h - 2 scrolls of fog
 k - 3 scrolls of noise
 l - 7 scrolls of teleportation
 p - 6 scrolls of blinking
 t - 4 scrolls of identify
 D - 2 scrolls of magic mapping
 E - 4 scrolls of torment
Potions
 c - 6 potions of curing
 d - 3 potions of flight
 e - a potion of brilliance
 i - 3 potions of attraction
 n - 4 potions of heal wounds
 o - a potion of mutation
 q - 8 potions of magic
 r - a potion of ambrosia
 v - 6 potions of haste
 z - 3 potions of might
 A - a potion of cancellation
 B - 4 potions of resistance
 G - 3 potions of invisibility
 J - a potion of lignification
Miscellaneous
 f - a lightning rod (4/4)


   Skills:
 + Level 10.0 Fighting
 - Level 12.0 Dodging
 - Level 3.0 Stealth
 - Level 8.3 Unarmed Combat
 + Level 10.6 Spellcasting
 - Level 10.0 Hexes
 * Level 17.8 Summonings
 - Level 10.0 Translocations
 - Level 10.0 Air Magic


You couldn't memorise any spells.
You knew the following spells:

 Your Spells              Type           Power      Damage    Failure   Level
a - Summon Hydra          Summ           40%        N/A       1%          7
b - Summon Cactus Giant   Summ           40%        N/A       1%          6
c - Monstrous Menagerie   Summ           40%        N/A       1%          7
d - Summon Forest         Summ/Tloc      35%        N/A       1%          5
e - Call Canine Familiar  Summ           80%        N/A       0%          3
f - Blink                 Tloc           100%       N/A       1%          2
g - Passage of Golubria   Tloc           59%        N/A       1%          4

Your spell library contained the following spells:

 Spells                   Type           Power      Damage    Failure   Level
 Summon Small Mammal      Summ           100%       N/A       0%          1
 Call Imp                 Summ           80%        N/A       0%          2
 Shock                    Conj/Air       100%       1d9       1%          1
 Slow                     Hex            100%       N/A       1%          1
 Corpse Rot               Necr/Air       76%        N/A       1%          2
 Ensorcelled Hibernation  Hex/Ice        76%        N/A       1%          2
 Static Discharge         Conj/Air       38%        N/A       1%          2
 Confusing Touch          Hex            59%        N/A       1%          3
 Lesser Beckoning         Tloc           59%        N/A       1%          3
 Mephitic Cloud           Conj/Pois/Air  29%        N/A       1%          3
 Summon Guardian Golem    Hex/Summ       70%        N/A       1%          3
 Tukima's Dance           Hex            59%        N/A       1%          3
 Cause Fear               Hex            29%        N/A       1%          4
 Summon Ice Beast         Ice/Summ       55%        N/A       1%          4
 Summon Lightning Spire   Summ/Air       70%        N/A       1%          4
 Manifold Assault         Tloc           59%        N/A       1%          5
 Silence                  Hex/Air        29%        N/A       1%          5
 Summon Mana Viper        Hex/Summ       70%        N/A       1%          5
 Malign Gateway           Summ/Tloc      35%        N/A       5%          7
 Ignite Poison            Fire/Tmut/Pois 13%        N/A       6%          3
 Stone Arrow              Conj/Erth      26%        3d8       6%          3
 Yara's Violent Unravell  Hex/Tmut       19%        3d9       7%          5
 Summon Horrible Things   Summ           40%        N/A       9%          8
 Freezing Cloud           Conj/Ice/Air   14%        6-21      13%         5
 Animate Dead             Necr           6%         N/A       19%         4
 Dispel Undead            Necr           13%        3d9       19%         4
 Hailstorm                Conj/Ice       13%        3d5       19%         4
 Ice Form                 Ice/Tmut       13%        N/A       19%         4
 Sticky Flame             Conj/Fire      13%        2d4       19%         4
 Haunt                    Necr/Summ      27%        N/A       36%         7
 Blade Hands              Tmut           6%         N/A       45%         5
 Dragon's Call            Summ           40%        N/A       73%         9
 Death Channel            Necr           6%         N/A       94%         6
 Eringya's Noxious Bog    Tmut/Pois      6%         N/A       94%         6
 Simulacrum               Ice/Necr       6%         N/A       94%         6
 Dragon Form              Tmut           6%         N/A       100%        7
 Infestation              Necr           6%         N/A       100%        8
 Lehudib's Crystal Spear  Conj/Erth      6%         10d3      100%        8
 Portal Projectile        Hex/Tloc       Unusable   N/A       N/A         3
 Animate Armour           Summ/Erth      Unusable   N/A       N/A         4
 Excruciating Wounds      Necr           Unusable   N/A       N/A         5

Dungeon Overview and Level Annotations

Branches:
Dungeon (14/15)            Temple (1/1) D:4            Lair (6/6) D:8
 Shoals (2/4) Lair:4       Spider (0/4) Lair:2        Slime (0/5) Lair:5
    Orc (2/2) D:9             Elf (0/3) Orc:2        Vaults (0/5) D:13

Altars:
Ashenzari
Cheibriados
Dithmenos
Elyvilon
Fedhas
Gozag
Hepliaklqana
Kikubaaqudgha
Makhleb
Nemelex Xobeh
Okawaru
Qazlal
Ru
Sif Muna
Trog
Uskayaw
Vehumet
Wu Jian
Xom
Yredelemnul
Zin
The Shining One

Shops:
D:4 ?(*:   D:5 :?*   D:14 ?   Orc:1 *   Orc:2 =*[(

Annotations:
D:8 exclusion: electric eel
D:11 Grum
Shoals:2 Polyphemus
Orc:2 2 runed translucent doors, bearlyready's ghost, journeyman DrVM


Innate Abilities, Weirdness & Mutations

You have sharp claws.
You have razor-sharp teeth.
You have supernaturally acute eyesight. (SInv)
You cover ground quickly. (Speed+)
Your thick and shaggy fur keeps you warm. (AC +3, rC+)
Your paws help you pounce on unaware monsters.
You are incapable of wielding weapons or throwing items.
You cannot wear armour.
You gain extra lives every three experience levels.


Message History

You now have 1385 gold pieces (gained 10).
You now have 1393 gold pieces (gained 8).
Things that are here:
a +0 vorpal quarterstaff; a +2 robe of fire resistance You now have 1399 gold pieces (gained 6).
Things that are here:
a +0 hunting sling; a +0 quarterstaff; 30 stones You now have enough gold to fund merchants seeking to open stores in the dungeon.
You now have 1407 gold pieces (gained 8).
Things that are here:
a +0 spear; a +0 hunting sling; 18 stones You enter the shallow water.
Moving in this stuff is going to be slow.
You now have 1413 gold pieces (gained 6).
Things that are here:
16 stones; a +0 spear; a +0 hunting sling of flaming
There is a stone staircase leading up here.
Polyphemus the Watchful Shepherd comes into view.
Polyphemus moves out of view.
Splash!
You fall into the shallow water.
Moving in this stuff is going to be slow.
Found a chain mail.
You enter the shallow water.
Moving in this stuff is going to be slow.
A death yak comes into view.
The death yak moves out of view. 2 death yaks come into view.
Found 23 gold pieces.
Tentacles burst out of the water! 3 tentacles come into view.
Found 41 gold pieces.
The death yak bellows!
The tentacle moves out of view.
Found a ring of fire.
The tentacle barely misses you. The tentacle slaps you!
You block the tentacle's attack. The tentacle barely misses you.
The tentacle slaps you!! The tentacle slaps you!
* * * LOW HITPOINT WARNING * * *
The tentacle slaps you!!
You die...
Your body crumbles into a pile of gold.

≈$ #≈≈PPP≈≈P≈≈≈≈≈≈≈≈≈≈≈≈≈≈
≈≈≈ #≈≈≈≈P≈≈≈≈≈≈≈≈≈≈≈≈≈≈≈≈≈
$≈≈≈#≈≈≈≈≈P≈≈≈≈≈...≈≈≈≈≈≈≈≈
≈≈≈≈≈≈≈≈≈≈≈≈≈P≈≈.#.≈≈≈<.≈≈≈
≈≈≈≈≈≈≈\≈≈≈≈≈≈≈≈)))≈>≈..≈≈≈
≈≈≈Y≈≈.Λ\≈≈≈≈≈≈≈≈≈..≈≈....≈
≈≈≈≈#./Λ\\≈≈≈≈≈≈≈..≈([.....
≈≈..#//.\ww...≈≈.)≈≈≈......
....//...w@...≈≈...≈###....
=\│/.......).....≈≈###.(..
...X#..........###≈≈.......
..≈≈#....##.≈..# #.≈..(...≈
.## #..........# #.≈≈....≈≈
...≈.≈≈.....# #......#..
.≈≈≈≈≈.##|.#####....##..
≈≈≈≈≈≈# ...###.....)...≈
#...........≈


You could see a kraken, a death yak and 3 tentacles.

Vanquished Creatures
  3 sea snakes (Shoals:1)
  An elephant (Lair:6)
  A cane toad (Lair:6)
  A blink frog (Lair:5)
  2 wargs (Orc:2)
  A water moccasin (Lair:6)
  3 wolves
  A centaur (D:14)
  A bullfrog (Lair:4)
  2 killer bees (D:9)
  A howler monkey (D:13)
  An orc priest (Orc:1)
  2 orc wizards
  A howler monkey zombie (D:8)
  3 orcs
  A goblin (D:4)
  A ball python (D:2)
  4 bats
  2 frilled lizards
  A kobold (D:4)
  3 rats
36 creatures vanquished.

Vanquished Creatures (collateral kills)
  Jorgrun (Shoals:2)
  Rupert (Lair:6)
  Kirke (Shoals:1)
  Donald (Shoals:1)
  An orc warlord (Orc:2)
  A fire dragon (D:14)
  Josephine (D:14)
  The ghost of Qyacsuop the Abyss-Baptised, a journeyman DsAK of Lugonu (Lair:2)
  A catoblepas (D:13)
  A merfolk avatar (Shoals:2)
  8 hydras
  5 boulder beetles
  3 centaur warriors
  2 dancing weapons (D:13)
  4 two-headed ogres
  A tengu warrior (D:14)
  4 orc high priests (Orc:2)
  Sonja (D:11)
  5 skeletal warriors (D:13)
  3 sea snakes (Shoals:1)
  A lindwurm (Lair:6)
  A wizard (D:14)
  3 harpies (Shoals:1)
  A necromancer (Lair:4)
  6 orc knights
  4 ugly things
  5 orc sorcerers
  8 manticores
  6 cyclopes
  6 fauns
  13 elephants
  2 merfolk sirens (Shoals:1)
  A black mamba (Lair:2)
  2 water nymphs (Shoals:1)
  A torpor snail (Lair:5)
  13 cane toads
  A kobold demonologist (D:13)
  3 komodo dragons
  4 rime drakes
  4 jumping spiders (Lair:2)
  4 merfolk
  5 trolls
  3 polar bears
  5 hornets
  3 wind drakes
  5 slime creatures (D:12)
  4 dream sheep
  2 snapping turtles (Shoals:1)
  21 blink frogs
  A spriggan (shapeshifter) (D:13)
  15 spriggans (Lair:6)
  2 water elementals
  4 redbacks (Lair:2)
  2 shadows (D:9)
  A vampire (D:11)
  48 yaks
  4 wyverns
  2 hogs (Shoals:1)
  4 wraiths
  3 basilisks
  2 steam dragons
  3 vampire mosquitoes (D:11)
  6 wargs
  A swamp drake (D:9)
  12 water moccasins
  33 orc warriors
  4 black bears (Lair:6)
  6 ogres
  3 boggarts (Lair:6)
  31 wolves
  10 centaurs
  Blork the orc (D:5)
  2 scorpions
  16 bullfrogs
  2 wyvern skeletons
  A water moccasin zombie (D:5)
  A water moccasin skeleton (D:5)
  4 killer bees
  2 wights (D:7)
  3 howler monkeys
  A bullfrog zombie (D:5)
  2 jellies
  24 orc priests
  A gnoll shaman (D:9)
  4 hounds
  A bullfrog skeleton (D:7)
  2 centaur skeletons
  Ijyb (D:3)
  An iguana (D:5)
  A scorpion zombie (D:5)
  40 orc wizards
  A yak simulacrum (Lair:4)
  A polar bear simulacrum (Lair:4)
  2 wolf simulacra (Lair:4)
  2 hound zombies (D:5)
  A hound skeleton (D:5)
  A howler monkey zombie (D:9)
  8 adders
  8 gnolls
  A shadow imp (D:8)
  2 white imps
  An ufetubus (D:5)
  93 orcs
  5 endoplasms
  6 giant cockroaches
  3 goblins
  2 hobgoblins
  2 quokkas
  4 ball pythons
  8 bats
  3 frilled lizards (D:2)
  5 kobolds
  5 rats
  7 river rat simulacra (Lair:4)
  A bush (Lair:3)
662 creatures vanquished.

Vanquished Creatures (others)
  A hydra (Lair:1)
  2 two-headed ogres
  A tengu warrior (D:9)
  An orb spider (D:5)
  A cyclops (D:11)
  A black mamba (D:8)
  10 yaks
  A vampire mosquito (D:11)
  2 water moccasins (Lair:2)
  A wight (D:7)
  An orc wizard (Orc:1)
  6 bushes (Lair:3)
  81 fungi
  95 plants
  16 snaplasher vines
220 creatures vanquished.

Grand Total: 918 creatures vanquished

Notes
Turn   | Place    | Note
-------+----------+-------------------------------------------
     0 | D:1      | ryw the Felid Summoner began the quest for the Orb.
     0 | D:1      | Reached XP level 1. HP: 7/7 MP: 4/4
   573 | D:1      | Reached XP level 2. HP: 11/11 MP: 3/6
   589 | D:1      | Learned a level 2 spell: Call Imp
   844 | D:1      | Found a faded altar of an unknown god.
  1884 | D:2      | You fall into a shaft and drop 2 floors!
  1889 | D:4      | Found Udukal's Assorted Antiques.
  1931 | D:3      | Noticed Ijyb
  2040 | D:3      | Noticed a +0 dagger
  2040 | D:3      | Noticed a +0 spear
  2040 | D:3      | Noticed a +0 short sword
  2041 | D:3      | Found a snail-covered altar of Cheibriados.
  2042 | D:3      | Noticed a +0 dagger
  2047 | D:3      | Noticed a +0 falchion
  2047 | D:3      | Noticed a +0 short sword
  2047 | D:3      | Noticed a +0 spear
  2063 | D:3      | Reached XP level 3. HP: 11/14 MP: 3/7
  2070 | D:3      | Noticed a +0 falchion
  2130 | D:3      | Learned a level 3 spell: Call Canine Familiar
  2139 | D:3      | Found a hide-covered altar of Uskayaw.
  3025 | D:2      | Reached XP level 4. HP: 10/18 MP: 4/9
  3545 | D:3      | Killed Ijyb
  3546 | D:3      | Reached skill level 5 in Summonings
  3653 | D:3      | Learned a level 3 spell: Summon Guardian Golem
  4263 | D:3      | Reached skill level 1 in Hexes
  4263 | D:3      | Reached XP level 5. HP: 21/21 MP: 7/11
  4359 | D:3      | Found a shimmering altar of Xom.
  4359 | D:3      | Found a sparkling altar of Nemelex Xobeh.
  4391 | D:4      | Noticed an ogre
  4391 | D:4      | Found Xoal's Magic Scroll Boutique.
  4526 | D:4      | Found a staircase to the Ecumenical Temple.
  4564 | Temple   | Entered the Ecumenical Temple
  4608 | Temple   | Became a worshipper of Gozag Ym Sagoz the Greedy
  4816 | D:4      | Killed an ogre
  4817 | D:4      | Gained mutation: You are covered in thick fur. (AC +2)
                  | [Felid growth]
  4817 | D:4      | Reached XP level 6. HP: 24/24 MP: 1/12
  4941 | D:4      | Found Cesiokef's Weapon Shop.
  5043 | D:4      | Found a shimmering blue altar of Sif Muna.
  5186 | D:4      | Found Jainup's Book Shop.
  5196 | D:4      | Reached skill level 6 in Summonings
  5272 | D:5      | Entered Level 5 of the Dungeon
  5273 | D:5      | Found Aczuliju's Self-Improvement Boutique.
  5300 | D:5      | Noticed Blork the orc
  5580 | D:5      | Noticed a two-headed ogre
  5646 | D:5      | Reached skill level 5 in Hexes
  6085 | D:5      | Reached XP level 7. HP: 27/27 MP: 3/13
  6187 | D:5      | Reached skill level 7 in Summonings
  6756 | D:5      | Found a glowing silver altar of Zin.
  6767 | D:5      | Identified the +7 falchion "Imis" {vorpal, +Blink rF+ rN+}
  7020 | D:5      | Killed Blork the orc
  7021 | D:5      | Reached skill level 8 in Summonings
  7654 | D:5      | Killed a two-headed ogre
  7655 | D:5      | Reached skill level 10 in Summonings
  7655 | D:5      | Reached XP level 8. HP: 31/31 MP: 2/14
  7827 | D:5      | Learned a level 4 spell: Summon Lightning Spire
  7830 | D:5      | Identified a scroll of acquirement
  7835 | D:5      | Acquired the ring "Xozoxan" {rF++ rC+}
  8119 | D:6      | Noticed an unseen horror
  8893 | D:5      | Noticed an orb spider
  8893 | D:5      | an unseen horror changed into an orb spider
  8916 | D:5      | Killed an orb spider
  8917 | D:5      | Reached skill level 11 in Summonings
  8917 | D:5      | Reached XP level 9. HP: 34/34 MP: 9/15
 10161 | D:7      | Reached skill level 1 in Air Magic
 10793 | D:7      | Reached skill level 12 in Summonings
 11433 | D:8      | Found an ancient bone altar of Kikubaaqudgha.
 11751 | D:8      | Found a staircase to the Lair.
 13356 | D:9      | Reached XP level 10. HP: 37/37 MP: 6/16
 13376 | D:9      | Reached skill level 13 in Summonings
 13376 | D:9      | Reached skill level 5 in Air Magic
 13645 | D:9      | Noticed a tengu warrior
 13661 | D:9      | Killed a tengu warrior
 14379 | D:4      | Bought a Fen Folio for 546 gold pieces
 14382 | D:4      | Learned a level 2 spell: Blink
 14537 | D:9      | Found a blossoming altar of Fedhas.
 14682 | D:9      | Identified the +1 animal skin "Mereamux" {rF+}
 14701 | D:9      | Reached skill level 1 in Fighting
 14701 | D:9      | Reached skill level 1 in Translocations
 14804 | D:9      | Found a staircase to the Orcish Mines.
 14938 | D:10     | Entered Level 10 of the Dungeon
 15076 | D:10     | Noticed a two-headed ogre
 15574 | D:10     | Killed a two-headed ogre
 15695 | D:10     | Found a broken altar of Ashenzari.
 16452 | Lair:1   | Entered Level 1 of the Lair of Beasts
 16452 | Lair:1   | Noticed a black mamba
 16460 | D:8      | Slain by a black mamba
 16461 | D:8      | Reached XP level 9. HP: -1/36 MP: 7/16
 16594 | D:8      | Killed a black mamba
 16595 | D:8      | Reached XP level 10. HP: 22/40 MP: 1/17
 16927 | Lair:1   | Noticed an eight-headed hydra
 16934 | Lair:1   | Killed an eight-headed hydra
 17194 | D:8      | Reached skill level 14 in Summonings
 17465 | D:11     | Noticed a cyclops
 17478 | D:11     | Killed a cyclops
 17479 | D:11     | Reached skill level 5 in Dodging
 17582 | D:11     | Noticed a cyclops
 17601 | D:11     | Killed a cyclops
 17740 | D:11     | Noticed Grum
 18172 | Lair:1   | Reached skill level 5 in Spellcasting
 18173 | Lair:1   | Noticed a cane toad
 18177 | Lair:1   | Reached skill level 5 in Translocations
 18177 | Lair:1   | Reached XP level 11. HP: 45/45 MP: 10/19
 18258 | D:8      | Learned a level 5 spell: Summon Forest
 18746 | Lair:1   | Noticed a four-headed hydra
 18758 | Lair:1   | Killed a four-headed hydra
 18962 | Lair:1   | Noticed an eight-headed hydra
 18980 | Lair:1   | Killed an eight-headed hydra
 20470 | Lair:2   | Found a transporter.
 20470 | Lair:2   | Noticed Qyacsuop's ghost (journeyman DsAK)
 20525 | Lair:2   | Learned a level 4 spell: Passage of Golubria
 20933 | Lair:2   | You fall into a shaft and drop 1 floor!
 20959 | Lair:3   | Gained mutation: Your thick and shaggy fur keeps you warm.
                  | (AC +3, rC+) [Felid growth]
 20959 | Lair:3   | Reached XP level 12. HP: 50/50 MP: 7/23
 21167 | Lair:2   | Found a hole to the Spider Nest.
 21175 | Lair:2   | Reached skill level 5 in Fighting
 21295 | Lair:2   | Found a transporter.
 21789 | Lair:3   | Noticed a boulder beetle
 21789 | Lair:3   | Noticed a seven-headed hydra
 22276 | Lair:3   | Killed a boulder beetle
 22589 | Lair:3   | Killed a seven-headed hydra
 23259 | D:4      | Bought a manual of Unarmed Combat for 1040 gold pieces
 23976 | Lair:4   | Reached skill level 1 in Unarmed Combat
 24014 | Lair:4   | Noticed a boulder beetle
 24113 | Lair:4   | Killed a boulder beetle
 24521 | Lair:4   | Found a staircase to the Shoals.
 24581 | Lair:3   | Learned a level 6 spell: Summon Cactus Giant
 25097 | Lair:4   | Reached XP level 13. HP: 55/55 MP: 12/26
 25581 | Lair:5   | Acquired a book of Beasts
 25788 | Lair:5   | Reached skill level 10 in Hexes
 26087 | Lair:5   | Reached skill level 15 in Summonings
 26208 | Lair:5   | Found a staircase to the Slime Pits.
 27199 | Lair:6   | Entered Level 6 of the Lair of Beasts
 28216 | Lair:6   | Acquired Remic's Collected Works on Damaging Creation
 28612 | Lair:6   | Reached skill level 5 in Unarmed Combat
 29724 | Lair:6   | Noticed Rupert
 29882 | Lair:5   | Reached skill level 10 in Translocations
 29970 | Lair:6   | Demolished by Rupert
 29971 | Lair:6   | Reached XP level 12. HP: -15/54 MP: 21/25
 30190 | Lair:6   | Reached XP level 13. HP: 57/57 MP: 12/26
 30843 | Lair:6   | Killed Rupert
 30844 | Lair:6   | Reached skill level 10 in Dodging
 31137 | Orc:1    | Entered Level 1 of the Orcish Mines
 31284 | Orc:1    | Found Odallu's Gadget Gallery.
 31363 | Orc:2    | Entered Level 2 of the Orcish Mines
 32604 | Orc:2    | Noticed an orc warlord
 33247 | Orc:2    | Killed an orc warlord
 33252 | Orc:2    | Reached skill level 16 in Summonings
 34708 | Orc:2    | Found Ellex's General Store.
 34709 | Orc:2    | Found Ycwimoc's Jewellery Emporium.
 34711 | Orc:2    | Found Miufothe's Antique Armour Shoppe.
 34711 | Orc:2    | Found Qoamooxi's Antique Weapon Shoppe.
 34726 | Orc:2    | Bought a potion of curing for 39 gold pieces
 35118 | Orc:2    | Found a staircase to the Elven Halls.
 35835 | Orc:2    | Found a large runed translucent door.
 35836 | Orc:2    | Found a large runed translucent door.
 35839 | Orc:2    | Noticed bearlyready's ghost (journeyman DrVM)
 36173 | D:4      | Bought a scroll of identify for 20 gold pieces
 36173 | D:4      | Bought a scroll of teleportation for 30 gold pieces
 36173 | D:4      | Bought a scroll of blinking for 75 gold pieces
 36173 | D:4      | Bought a scroll of teleportation for 30 gold pieces
 36173 | D:4      | Bought a scroll of teleportation for 30 gold pieces
 36198 | D:4      | Bought a scroll of identify for 60 gold pieces
 36216 | D:5      | Bought a lightning rod (4/4) for 870 gold pieces
 36216 | D:5      | Bought a scroll of blinking for 217 gold pieces
 36216 | D:5      | Bought 2 purple potions for 52 gold pieces
 36218 | D:5      | Bought a potion of magic for 232 gold pieces
 36222 | D:5      | Bought a scroll of magic mapping for 35 gold pieces
 36222 | D:5      | Bought a scroll of identify for 20 gold pieces
 36222 | D:5      | Bought a scroll of identify for 20 gold pieces
 36222 | D:5      | Bought a scroll of identify for 20 gold pieces
 36663 | D:11     | Noticed Sonja
 36668 | D:11     | Killed Sonja
 37519 | D:12     | Reached XP level 14. HP: 55/63 MP: 10/28
 38466 | Lair:2   | Killed Qyacsuop's ghost
 38611 | Lair:2   | Learned a level 7 spell: Monstrous Menagerie
 39365 | D:13     | Found a gate to the Vaults.
 39863 | D:13     | Reached skill level 10 in Air Magic
 41061 | D:14     | Noticed Josephine
 41401 | D:14     | Reached skill level 10 in Spellcasting
 42620 | D:14     | Killed Josephine
 42621 | D:14     | Reached skill level 17 in Summonings
 42738 | D:14     | Bought a scroll of blinking for 150 gold pieces
 42738 | D:14     | Bought a scroll of teleportation for 60 gold pieces
 42738 | D:14     | Bought a scroll of teleportation for 60 gold pieces
 42738 | D:14     | Bought a scroll of acquirement for 1040 gold pieces
 42738 | D:14     | Bought a scroll of blinking for 150 gold pieces
 42738 | D:14     | Bought a scroll of blinking for 150 gold pieces
 42738 | D:14     | Acquired the amulet of Yzuip {RegenMP rN+}
 42956 | Shoals:1 | Entered Level 1 of the Shoals
 43377 | Shoals:1 | Noticed Donald
 43390 | Shoals:1 | Killed Donald
 43528 | Shoals:1 | Upgraded the game from 0.28-a0-1236-gb25a51b929 to
                  | 0.28-a0-1286-g6bde065e89
 44481 | Shoals:1 | Reached XP level 15. HP: 56/68 MP: 4/30
 44627 | Shoals:1 | Learned a level 7 spell: Summon Hydra
 45069 | Shoals:1 | Noticed Kirke
 45080 | Shoals:1 | Killed Kirke
 45671 | Shoals:2 | Noticed Jorgrun
 45679 | Shoals:2 | Constricted to death by Jorgrun
 45680 | Shoals:2 | Reached XP level 14. HP: -3/65 MP: 6/29
 45707 | Shoals:2 | Killed from afar by a wind drake
 45708 | Shoals:2 | Reached XP level 13. HP: -11/61 MP: 0/28
 45721 | Shoals:2 | Upgraded the game from 0.28-a0-1286-g6bde065e89 to
                  | 0.28-a0-1339-ga5422284a4
 45907 | Shoals:2 | Killed Jorgrun
 45908 | Shoals:2 | Reached skill level 10 in Fighting
 46277 | Shoals:2 | Noticed Polyphemus
 46335 | Shoals:2 | Noticed a kraken
 46339 | Shoals:2 | Mangled by a tentacle

Illustrated notes

Levels and vault maps discovered:
D:1:      roderic_crossed_star, layout_loops_corners,
          dilly_ecumenical_altar_fadedgnrine
D:2:      layout_rooms
D:3:      layout_rooms, cheibriados_altar_1, gammafunk_temple_overflow_wave,
          nicolae_uskayaw_en_pointe, uniq_ijyb
D:4:      layout_rooms, nicolae_sif_muna_little_library, temple_pool_b,
          serial_shops, shop_scrolls, shop, shop, nicolae_shop_hallway_plus
D:5:      layout_gridville, zin_treasury, nicolae_shop_self_help,
          uniq_blork_the_orc
D:6:      layout_basic, minmay_diced_spiral
D:7:      layout_basic, nicolae_elevator_lobby_asterisk
D:8:      layout_basic, mainiacjoe_overflow_small_starburst,
          erik_lair_orcish_takeover, water_boxes_lemuel
D:9:      layout_irregular_city, kennysheep_mini, erik_orc_1
D:10:     layout_loops_cross, mainiacjoe_overflow_cross_hatched,
          chequers_decorated_corner
D:11:     layout_grid_maze, uniq_sonja, uniq_grum
D:12:     layout_rooms
D:13:     layout_roguey, erik_vaults_1
D:14:     layout_loops_corners, minmay_misc_feat_diagonals, uniq_josephine
Temple:   nicolae_temple_god_jail
Lair:1:   layout_long_grid, grunt_megastairs_3
Lair:2:   layout_hall_layers, nicolae_spider_entry_tight_spaces,
          gammafunk_ghost_arena
Lair:3:   layout_cave_pods, grunt_forest_small_clearings, minmay_hedge_maze,
          serial_bayou_shore_b, lemuel_fruit_fields
Lair:4:   layout_long_grid, elwin_shoals_entry_rocks, eino_house_with_fridge
Lair:5:   layout_loops_ring, nicolae_slime_entry_slimehenge
Lair:6:   minmay_lair_end_enchanted_forest, layout_small_grid, uniq_rupert
Shoals:1: layout_shoals, uniq_kirke, uniq_donald
Shoals:2: layout_shoals, nicolae_shoals_kraken_party, uniq_jorgrun,
          uniq_polyphemus
Orc:1:    layout_caves, nicolae_shop_gadgets
Orc:2:    st_orc_congregation, layout_caves, ebering_ghost_disaster_area

Skill      XL: |  1  2  3  4  5  6  7  8  9 10 11 12 13 14 |
---------------+-------------------------------------------+-----
Stealth        | 3 |  3.0
Spellcasting   | 3 5 6 8 9 10 | 10.6
Summonings     | 5 6 10 11 12 14 16 17 | 17.8
Hexes          | 1 4 5 6 7 8 9 10 | 10.0
Air Magic      | 4 6 7 8 9 10 | 10.0
Dodging        | 5 7 8 11 12 | 12.0
Fighting       | 3 4 5 10 9 | 10.0
Translocations | 5 6 8 10 | 10.0
Unarmed Combat | 2 8 |  8.3

Action                   |  1- 3 |  4- 6 |  7- 9 | 10-12 | 13-15 || total
-------------------------+-------+-------+-------+-------+-------++-------
Melee: Unarmed           |    37 |    22 |    14 |    69 |   100 ||   242
       Bite              |     2 |       |     2 |     3 |     9 ||    16
 Cast: Summon Small Mamm |    60 |    49 |    39 |     2 |       ||   150
       Call Imp          |    16 |    25 |    39 |    13 |       ||    93
       Call Canine Famil |     1 |    12 |    50 |    71 |   133 ||   267
       Summon Guardian G |       |       |    27 |    70 |       ||    97
       Summon Lightning  |       |       |     2 |    76 |   116 ||   194
       Blink             |       |       |     2 |     5 |     5 ||    12
       Summon Forest     |       |       |       |    23 |    91 ||   114
       Summon Cactus Gia |       |       |       |     4 |   149 ||   153
       Passage of Golubr |       |       |       |       |     8 ||     8
       Monstrous Menager |       |       |       |       |    21 ||    21
       Summon Hydra      |       |       |       |       |    13 ||    13
Invok: Call Merchant     |       |       |       |       |     3 ||     3
Evoke: Wand              |       |       |     1 |     2 |       ||     3
  Use: Potion            |     1 |       |     3 |     2 |     5 ||    11
       Scroll            |       |       |     7 |    19 |    15 ||    41
 Stab: Sleeping          |       |     4 |     1 |       |     3 ||     8
       Distracted        |       |       |     1 |     5 |     5 ||    11
       Paralysed         |       |       |       |       |     1 ||     1
Armor: Skin              |     9 |     2 |     4 |    12 |    10 ||    37
Dodge: Dodged            |    92 |    33 |    77 |   189 |   261 ||   652
Block: Other             |       |       |       |       |     8 ||     8
       Reflection        |       |       |       |       |     4 ||     4

Table legend: (Time is in decaauts)
 A = Elapsed time spent in this place.
 B = Non-inter-level travel time spent in this place.
 C = Inter-level travel time spent in this place.
 D = Time resting spent in this place.
 E = Time spent auto-exploring this place.
 F = Levels seen in this place.
 G = Mean time per level.
                   A        B        C        D        E       F      G
               +--------+--------+--------+--------+--------+-----+--------+
         Total |  42371 |  39732 |   2639 |   9125 |  23025 |  25 | 1694.8 |
       Dungeon |  22598 |  20735 |   1863 |   5116 |  11421 |  14 | 1614.1 |
        Temple |     47 |     38 |      9 |      0 |     23 |   1 |   47.0 |
          Lair |  11977 |  11380 |    597 |   1784 |   7571 |   6 | 1996.2 |
        Shoals |   3142 |   3132 |     10 |    825 |   1898 |   2 | 1571.0 |
  Orcish Mines |   4606 |   4449 |    157 |   1399 |   2112 |   2 | 2303.0 |
               +--------+--------+--------+--------+--------+-----+--------+

Top non-repeatable levels by time:
  Lair:6: 3352 daAuts
   Orc:2: 3248 daAuts
     D:8: 2924 daAuts
Shoals:1: 2613 daAuts
     D:5: 1987 daAuts
    D:14: 1984 daAuts
  Lair:5: 1884 daAuts
  Lair:4: 1875 daAuts
     D:4: 1870 daAuts
  Lair:2: 1869 daAuts
     D:9: 1858 daAuts
    D:13: 1719 daAuts
     D:6: 1655 daAuts
     D:3: 1592 daAuts
  Lair:1: 1550 daAuts
